Map: Beckett Industries LE

Players

Nice

  • Race: Protoss Protoss

ButAlways - Winner!

  • Race: Protoss Protoss

Event: DreamHack SC2 Masters 2021 Fall

VOD

Have the link to the VOD?

Description

Time

  • Played on: July 30, 2021, 7:43 a.m.
  • Length: 9:44

All games in this series

Show
View Real Time Build Order
Export as new Build Order

Nice Protoss 

Build Orders: Proxy Void Ray 

Get SALT Encoding   

  12  0:00  Probe  
  13  0:12  Probe  
  14  0:18  Pylon  
  14  0:24  Probe (Chrono Boost)  
  15  0:38  Gateway, Probe (Chrono Boost)  
  16  0:43  Probe (Chrono Boost)  
  17  0:52  Probe  
  17  0:54  Assimilator  
  17  0:56  Assimilator  
  18  1:02  Assimilator  
  18  1:05  Probe  
  19  1:17  Probe  
  20  1:18  Gateway  
  20  1:26  Cybernetics Core  
  20  1:28  Zealot (Chrono Boost)  
  22  1:37  Pylon  
  22  1:40  Probe  
  23  1:55  Probe  
  24  2:02  Stargate  
  24  2:04  Adept (Chrono Boost)  
  26  2:10  Probe  
  27  2:18  Shield Battery  
  27  2:23  Warp Gate  
  29  2:40  Shield Battery  
  29  2:49  Void Ray (Chrono Boost)  
  29  2:56  Pylon  
  29  3:19  Shield Battery  
  27  3:23  Void Ray (Chrono Boost), Gateway  
  31  3:39  Shield Battery  
  31  3:53  Void Ray  
  34  4:15  Stalker  
  36  4:19  Shield Battery  
  36  4:20  Shield Battery  
  36  4:24  Pylon  
  36  4:27  Stalker  
  38  5:02  Shield Battery  
  38  5:15  Shield Battery  
  38  5:17  Shield Battery  
  38  5:19  Pylon  
  38  5:31  Void Ray (Chrono Boost)  
  38  5:37  Pylon  
  38  5:38  Stalker x2  
  42  6:03  Shield Battery  
  36  6:05  Void Ray (Chrono Boost)  
  40  6:24  Stalker  
  40  6:25  Stalker  
  44  6:26  Shield Battery  
  42  6:34  Shield Battery  
  42  6:46  Pylon  
  42  6:47  Pylon  
  42  6:59  Void Ray (Chrono Boost)  
  42  7:03  Gateway  
  42  7:07  Pylon  
  46  7:17  Shield Battery  
  46  7:19  Shield Battery  
  46  7:33  Void Ray (Chrono Boost)  
  46  7:35  Sentry  
  50  7:58  Stalker x2  
  54  7:59  Pylon  
  54  8:11  Void Ray (Chrono Boost)  
  53  8:23  Sentry  
  47  9:02  Sentry  
Show
View Real Time Build Order
Export as new Build Order

ButAlways Protoss - Winner!

Build Orders: 1 Gate Expand 

Get SALT Encoding   

  12  0:00  Probe  
  13  0:13  Probe  
  14  0:17  Pylon  
  14  0:25  Probe  
  15  0:37  Gateway  
  15  0:38  Probe (Chrono Boost)  
  16  0:47  Probe (Chrono Boost)  
  17  0:50  Assimilator  
  17  0:52  Probe (Chrono Boost)  
  19  1:04  Probe  
  20  1:23  Nexus  
  19  1:33  Cybernetics Core  
  19  1:36  Probe  
  20  1:48  Probe  
  20  1:51  Pylon  
  22  2:03  Gateway  
  22  2:05  Warp Gate (Chrono Boost)  
  22  2:07  Stalker (Chrono Boost)  
  22  2:13  Probe  
  24  2:25  Probe  
  24  2:27  Pylon  
  25  2:32  Stalker  
  27  2:47  Shield Battery  
  27  2:55  Pylon  
  27  2:57  Stalker  
  29  3:02  Stalker  
  31  3:08  Shield Battery  
  31  3:10  Pylon  
  29  3:20  Gateway  
  29  3:24  Shield Battery  
  29  3:42  Stalker x2  
  33  3:52  Pylon, Probe x2  
  35  4:05  Stalker  
  35  4:09  Shield Battery  
  37  4:13  Probe  
  37  4:14  Probe  
  39  4:22  Stalker  
  41  4:26  Assimilator  
  41  4:33  Stalker  
  41  4:52  Stalker  
  41  5:02  Gateway  
  41  5:03  Stalker  
  43  5:08  Gateway  
  43  5:13  Stalker  
  45  5:29  Stalker  
  45  5:32  Stalker  
  49  5:41  Stalker  
  52  5:44  Cybernetics Core  
  49  6:01  Stalker x2  
  49  6:10  Stalker  
  49  6:11  Probe  
  52  6:23  Stalker  
  52  6:24  Probe  
  56  6:28  Pylon  
  55  6:40  Stalker  
  57  6:47  Stalker  
  57  6:53  Shield Battery  
  59  7:01  Stalker  
  61  7:05  Pylon  
  59  7:20  Stalker  
  59  7:21  Stalker x2  
  65  7:35  Robotics Facility  
  65  7:41  Shield Battery  
  63  7:54  Stalker  
  63  7:58  Stalker  
  65  8:11  Stalker  
  67  8:15  Stalker  
  67  8:19  Shield Battery x2  
  69  8:26  Stalker x2  
  63  8:48  Stalker x2  
  63  9:03  Stalker x2  
  67  9:15  Stalker  

Tags
 
Add a new tag
Caveats
  • Supply blocks, unpowered buildings, or Contaminate may cause inaccurate times.
  • Supply counts are checked every 10 seconds.